 Dungeon Crawl Stone Soup version 0.30-a0-1074-g5db6f66fbb (webtiles) character file.

Game seed: 3678852393496816678

25587 Aneyh the Bludgeoner (level 13, -6/80 HPs)
             Began as a Tengu Fighter on Apr 13, 2023.
             Was a High Priest of Hepliaklqana.
             Shot with an arrow by a centaur warrior (13 damage)
             ... on level 15 of the Dungeon.
             The game lasted 00:47:54 (13789 turns).

Aneyh the Bludgeoner (Tengu Fighter)               Turns: 13789, Time: 00:48:06

Health: -6/80      AC: 14    Str: 22    XL:     13   Next: 20%
Magic:  23/23      EV: 11    Int:  7    God:    Hepliaklqana [*****.]
Gold:   720        SH:  4    Dex: 12    Spells: 10/12 levels left

rFire   . . .      SeeInvis +    a - +10 morningstar of Psychosis {heavy, rN+ rCorr Str-3}
rCold   . . .      Faith    +    c - +0 buckler
rNeg    + . .      Spirit   .    m - +0 scale mail "Irphustopse" {Regen+ SInv}
rPois   .          Reflect  .    (helmet restricted)
rElec   .          Rampage  .    t - +2 cloak
rCorr   +                        D - +0 pair of gloves
Will    +....                    (boots unavailable) Stlth
                                 B - amulet of faith
HPRegen 1.13/turn                p - ring of magical power
MPRegen 0.18/turn                (no ring)

@: flying quickly and evasively, quick
A: reduced essence, beak, talons 3, nimble flight, dopey 1, strong-willed 1,
strong 1
a: Renounce Religion, Recall Ancestor, Ancestor Identity, Transference, Idealise


You were on level 15 of the Dungeon.
You worshipped Hepliaklqana.
Hepliaklqana was extremely pleased with you.
You visited 3 branches of the dungeon, and saw 17 of its levels.
You also visited: Sewer and Gauntlet.

You collected 1026 gold pieces.
You spent 306 gold pieces at shops.

Inventory:

Hand Weapons
 a - the +10 morningstar of Psychosis (weapon) {heavy, rN+ rCorr Str-3}
   (You bought it in a shop on level 9 of the Dungeon)

   Str:       It affects your strength (-3).
   rN:        It protects you from negative energy.
   rCorr:     It protects you from acid and corrosion.
 b - a +1 heavy spear
 w - a +4 scimitar of flaming
 C - a +0 war axe
 O - a +0 heavy glaive
 V - the +7 Throatcutter {drain, coup de grace}
   (You found it on level 10 of the Dungeon)
Armour
 c - a +0 buckler (worn)
 m - the +0 scale mail "Irphustopse" (worn) {Regen+ SInv}
   (You found it on level 2 of the Dungeon)

   SInv:      It lets you see invisible.
   Regen:     It increases your rate of health regeneration.
 t - a +2 cloak (worn)
 D - a +0 pair of gloves (worn)
 I - +0 acid dragon scales
Jewellery
 p - a ring of magical power (left hand)
 B - an amulet of faith (around neck)
 F - a ring of resist corrosion
 M - a ring of resist corrosion
 U - a ring of protection from fire
 X - an amulet of regeneration
 Y - a ring of positive energy
Wands
 G - a wand of iceblast (13)
 H - a wand of paralysis (17)
 P - a wand of quicksilver (8)
 S - a wand of flame (5)
 W - a wand of polymorph (5)
Scrolls
 f - a scroll of enchant weapon {unknown}
 i - 2 scrolls of immolation {unknown}
 o - 5 scrolls of teleportation
 q - 2 scrolls of amnesia
 r - a scroll of brand weapon {unknown}
 s - 2 scrolls of blinking
 u - 4 scrolls of fear
 x - 2 scrolls of vulnerability
 y - 2 scrolls of torment {unknown}
 J - a scroll of silence {unknown}
 K - 3 scrolls of butterflies {unknown}
 Q - a scroll of enchant armour {unknown}
 R - 2 scrolls of poison {unknown}
Potions
 d - 9 potions of might
 e - a potion of haste
 g - a potion of ambrosia
 j - 2 potions of heal wounds
 l - 7 potions of curing
 n - 3 potions of resistance
 v - 6 potions of mutation
 z - 2 potions of invisibility
 A - 2 potions of brilliance
 E - 2 potions of degeneration {unknown}
 L - a potion of lignification
 N - a potion of attraction {unknown}
Miscellaneous
 h - a phantom mirror
 Z - a condenser vane


   Skills:
 * Level 13.6 Fighting
 * Level 15.3 Maces & Flails
 - Level 2.0 Polearms
 + Level 11.8 Armour
 - Level 3.0 Shields


You had 10 spell levels left.
You knew the following spells:

 Your Spells              Type           Power      Damage    Failure   Level
a - Wereblood             Tmut           0%         N/A       89%         2

Your spell library contained the following spells:

 Spells                   Type           Power      Damage    Failure   Level
 Apportation              Tloc           0%         N/A       78%         1
 Necrotise                Necr           0%         1d4       78%         1
 Slow                     Hex            0%         N/A       78%         1
 Summon Small Mammal      Summ           0%         N/A       78%         1
 Static Discharge         Conj/Air       0%         2-2/arc   89%         2
 Sublimation of Blood     Necr           0%         N/A       89%         2
 Confusing Touch          Hex            0%         N/A       98%         3
 Inner Flame              Hex/Fire       0%         N/A       98%         3
 Ozocubu's Armour         Ice            0%         N/A       98%         3
 Vampiric Draining        Necr           0%         2d6       98%         3
 Airstrike                Air            0%         2d(0-16)  100%        4
 Flame Wave               Conj/Fire      0%         2d4       100%        4
 Sticky Flame             Conj/Fire      0%         2d3       100%        4
 Summon Lightning Spire   Summ/Air       0%         N/A       100%        4
 Metabolic Englaciation   Hex/Ice        0%         N/A       100%        5
 Simulacrum               Ice/Necr       0%         N/A       100%        6
 Summon Hydra             Summ           0%         N/A       100%        7
 Chain Lightning          Conj/Air       0%         N/A       100%        9
 Fire Storm               Conj/Fire      0%         5d1       100%        9
 Shatter                  Erth           0%         3d5*      100%        9


Dungeon Overview and Level Annotations

Branches:
Dungeon (15/15)            Temple (1/1) D:6            Lair (1/5) D:11
    Orc (0/2) D:9           Sewer (visited)         Gauntlet (visited)
 Vaults: D:13-14     Depths: D:15

Altars:
Ashenzari
Cheibriados
Dithmenos
Elyvilon
Fedhas
Gozag
Hepliaklqana
Kikubaaqudgha
Makhleb
Nemelex Xobeh
Okawaru
Qazlal
Ru
Sif Muna
Trog
Uskayaw
Wu Jian
Xom
Yredelemnul
Zin
The Shining One

Shops:
D:9 (

Annotations:
D:4 3 runed translucent doors, gelatine's ghost, novice DsFi
D:7 2 transporters, ryw's ghost, novice DrTm
D:9 1 runed translucent door, kaliiiiii's ghost, novice MiBe
D:11 4 runed translucent doors, Viom's ghost, journeyman MeFi
Lair:1 3 runed translucent doors


Innate Abilities, Weirdness & Mutations

Your life essence is reduced to manifest your ancestor. (-10% HP)
You have a beak for a mouth.
You have claws for feet.
Your magical nature lets you fly swiftly and evasively.
You are dopey. (Int -2)
You are strong-willed. (Will+)
Your muscles are strong. (Str +4, Int/Dex -1)


Message History

The red ugly thing punches you but does no damage.
You sock the red ugly thing!
The red ugly thing is severely wounded.
The red ugly thing punches you but does no damage.
Citlalmina hits the red ugly thing with a +0 flail!!
You puncture the red ugly thing! Your kick misses the red ugly thing.
The red ugly thing is almost dead.
The red ugly thing punches you!
You are engulfed in flames!!
You barely miss the red ugly thing. Your kick misses the red ugly thing.
The red ugly thing is almost dead.
You block the red ugly thing's attack.
Citlalmina hits the red ugly thing with a +0 flail!
The red ugly thing dies!
You start resting.
Magic restored.
You start resting.
HP restored.
There is a stone staircase leading down here.
You fly downwards.
Found 21 gold pieces.
There is a stone staircase leading up here.
You now have 709 gold pieces (gained 10).
You now have 720 gold pieces (gained 11).
You swap places.
A cyclops comes into view.
Found a scale mail.
The cyclops moves out of view.
The cyclops throws a large rock.
The large rock hits you!!!
Ouch! That really hurt!
You hear a shout!
A manticore comes into view.
The cyclops throws a large rock.
The large rock closely misses you.
A centaur warrior comes into view.
The centaur warrior shouts!
You hit the cyclops. You claw the cyclops, but do no damage.
The cyclops is lightly wounded.
The centaur warrior wields a +0 shortbow.
The centaur warrior shoots an arrow.
The arrow hits you! The cyclops hits you!!
* * * LOW HITPOINT WARNING * * *
The centaur warrior shoots an arrow.
The arrow hits you!
You die...

#...... #.....# ..#
#.....# . #..# #H....# .
#..# #.....# .#######..#
#.....#
..........######C....###
...............R@.......
........................
......<.................
.................[.^..c.
.........######.........
.........# #####.....
.........# .....
.........# #####
.........#


You could see the friendly Citlalmina the knight, a centaur warrior, a manticore
and a cyclops (ally target).

Vanquished Creatures
  2 boulder beetles
  A death yak (Lair:1)
  2 two-headed ogres
  A wizard (D:14)
  A deep elf pyromancer (D:14)
  2 ugly things
  2 manticores (D:14)
  5 cyclopes
  Joseph (D:8)
  A gargoyle (D:12)
  An unseen horror (shapeshifter) (D:14)
  5 yaktaurs (D:14)
  Psyche (D:8)
  2 komodo dragons (Lair:1)
  2 rime drakes (Lair:1)
  An efreet (D:14)
  5 trolls
  Grinder (D:4)
  A vampire (D:12)
  4 wraiths
  2 water elementals
  A wyvern (D:8)
  8 yaks
  11 vampire mosquitoes
  Grum (D:9)
  A naga (shapeshifter) (D:11)
  2 steam dragons
  3 acid dragons
  4 water moccasins
  6 orc warriors
  A sky beast (D:6)
  A black bear (D:7)
  10 wolves
  10 ogres
  4 centaurs
  A phantom (D:4)
  3 kobold brigands
  6 bullfrogs
  2 gnoll sergeants (D:9)
  2 scorpions
  6 killer bees
  4 howler monkeys
  5 jellies
  A gnoll bouda (D:7)
  7 orc priests
  8 hounds
  2 sleepcaps
  4 iguanas
  14 orc wizards
  21 gnolls
  8 adders
  4 shadow imps
  A white imp (D:6)
  An ufetubus (D:6)
  5 worms
  3 dart slugs
  38 orcs
  11 ball pythons
  14 endoplasms
  7 giant cockroaches
  4 goblins
  6 hobgoblins
  3 quokkas
  6 bats
  6 frilled lizards
  12 kobolds
  3 rats
324 creatures vanquished.

Vanquished Creatures (collateral kills)
  An ogre mage (D:15)
  A two-headed ogre (D:14)
  An ugly thing (D:14)
  An elephant (shapeshifter) (D:14)
  2 trolls
  2 yaks (Lair:1)
  An ogre (D:15)
  A wolf (D:11)
  2 gnoll sergeants
  An electric eel (D:11)
  An orc priest (D:11)
  A gnoll (D:9)
  3 orcs
18 creatures vanquished.

Vanquished Creatures (others)
  7 knights
  2 ancestors
  An orc (D:8)
  9 fungi
  10 plants
  A withered plant (Gauntlet)
30 creatures vanquished.

Grand Total: 372 creatures vanquished

Notes
Turn   | Place    | Note
-------+----------+-------------------------------------------
     0 | D:1      | Aneyh the Tengu Fighter began the quest for the Orb.
     0 | D:1      | Reached XP level 1. HP: 14/14 MP: 2/2
    49 | D:1      | Found a faded altar of an unknown god.
   120 | D:1      | Reached XP level 2. HP: 16/19 MP: 3/3
   502 | D:1      | Reached XP level 3. HP: 21/24 MP: 4/4
   816 | D:2      | Identified the +0 scale mail "Irphustopse" {Regen+ SInv}
  1172 | D:2      | Reached XP level 4. HP: 30/30 MP: 5/5
  1317 | D:3      | Reached skill level 5 in Fighting
  1362 | D:3      | Gained mutation: Your magical nature lets you fly swiftly
                  | and evasively. [Tengu growth]
  1362 | D:3      | Reached XP level 5. HP: 35/35 MP: 6/6
  2169 | D:4      | Found a runed translucent gate.
  2170 | D:4      | Found a runed translucent gate.
  2170 | D:4      | Found a runed translucent gate.
  2170 | D:4      | Noticed a two-headed ogre
  2170 | D:4      | Noticed gelatine's ghost (novice DsFi)
  2199 | D:4      | Reached XP level 6. HP: 38/41 MP: 7/7
  2249 | D:4      | Found a glowing drain.
  2267 | Sewer    | Entered a sewer
  2357 | Sewer    | Found a viscous altar of Jiyva.
  2429 | Sewer    | Reached skill level 5 in Armour
  2659 | D:4      | Reached XP level 7. HP: 38/47 MP: 8/8
  2769 | D:4      | Found a glowing silver altar of Zin.
  3093 | D:4      | Noticed Grinder
  3105 | D:4      | Killed Grinder
  3536 | D:5      | Entered Level 5 of the Dungeon
  3726 | D:5      | Reached XP level 8. HP: 54/54 MP: 9/9
  4510 | D:6      | Reached XP level 9. HP: 60/60 MP: 10/10
  4648 | D:8      | Noticed Joseph
  4658 | D:8      | Killed Joseph
  4731 | D:8      | Reached skill level 10 in Fighting
  4833 | D:8      | Noticed Psyche
  4842 | D:8      | Killed Psyche
  5153 | D:8      | Reached skill level 10 in Armour
  5567 | D:9      | Found Cuurrymi's Antique Weapon Shop.
  5608 | D:9      | Found a staircase to the Orcish Mines.
  5608 | D:9      | Noticed a troll
  5613 | D:9      | Reached XP level 10. HP: 53/69 MP: 11/11
  5622 | D:9      | Reached skill level 3 in Maces & Flails
  5631 | D:9      | Reached skill level 4 in Maces & Flails
  5643 | D:9      | Reached skill level 5 in Maces & Flails
  5720 | D:9      | Reached skill level 6 in Maces & Flails
  5771 | D:9      | Noticed Grum
  5903 | D:6      | Reached skill level 7 in Maces & Flails
  6013 | D:6      | Found a staircase to the Ecumenical Temple.
  6036 | Temple   | Entered the Ecumenical Temple
  6063 | Temple   | Became a worshipper of Hepliaklqana the Forgotten
  6269 | D:7      | Found a hide-covered altar of Uskayaw.
  6355 | D:7      | Found a burning altar of Makhleb.
  6410 | D:7      | Reached skill level 8 in Maces & Flails
  6553 | D:7      | Found a broken altar of Ashenzari.
  6553 | D:7      | Found an ornate altar of the Wu Jian Council.
  6553 | D:7      | Found a snail-covered altar of Cheibriados.
  6720 | D:7      | Found a transporter.
  6721 | D:7      | Noticed ryw's ghost (novice DrTm)
  6721 | D:7      | Identified the +1 giant spiked club "Huem" {flame, rPois
                  | Dex+2}
  6729 | D:7      | Reached * piety under Hepliaklqana
  6731 | D:7      | Found a transporter.
  7171 | D:8      | Reached skill level 9 in Maces & Flails
  7440 | D:8      | Reached skill level 10 in Maces & Flails
  7440 | D:8      | Reached XP level 11. HP: 43/66 MP: 12/12
  7611 | D:9      | Reached skill level 1 in Polearms
  7618 | D:9      | Found a sparkling altar of Nemelex Xobeh.
  7716 | D:9      | Killed Grum
  7812 | D:9      | Found a shadowy altar of Dithmenos.
  7834 | D:9      | Found a runed translucent door.
  7835 | D:9      | Reached ** piety under Hepliaklqana
  7835 | D:9      | Noticed kaliiiiii's ghost (novice MiBe)
  7838 | D:9      | Identified the +2 spear of Watchfulness {heavy, Int+2}
  7848 | D:9      | Remembered your ancestor Citlalmina as a knight
  7863 | D:9      | Bought a brightly glowing morningstar for 306 gold pieces
  7863 | D:9      | Identified the +10 morningstar of Psychosis {heavy, rN+
                  | rCorr Str-3} (You bought it in a shop on level 9 of the
                  | Dungeon)
  8007 | D:9      | Found a glowing golden altar of the Shining One.
  8154 | D:10     | Entered Level 10 of the Dungeon
  8647 | D:10     | Found the +7 Throatcutter {drain, coup de grace}
  8880 | D:11     | Noticed a manticore
  8880 | D:11     | Found a runed translucent door.
  8881 | D:11     | Noticed a cyan ugly thing
  9036 | D:11     | Reached skill level 11 in Maces & Flails
  9086 | D:11     | Noticed a cyclops
  9096 | D:11     | Killed a cyclops
  9224 | D:11     | Noticed a cyclops
  9232 | D:11     | Killed a cyclops
  9331 | D:11     | Found a staircase to the Lair.
  9477 | D:11     | Found a runed translucent gate.
  9477 | D:11     | Found a runed translucent gate.
  9477 | D:11     | Found a runed translucent gate.
  9477 | D:11     | Noticed a ten-headed hydra
  9477 | D:11     | Noticed Viom's ghost (journeyman MeFi)
  9477 | D:11     | Noticed a nine-headed hydra
  9561 | D:11     | Noticed a manticore
  9656 | D:12     | Noticed a red ugly thing
  9656 | D:12     | Noticed a cyclops
  9656 | D:12     | Reached *** piety under Hepliaklqana
  9664 | D:11     | Killed a cyclops
  9719 | Lair:1   | Entered Level 1 of the Lair of Beasts
  9966 | Lair:1   | Reached skill level 12 in Maces & Flails
 10085 | Lair:1   | Identified the +7 quarterstaff "Wexatit" {flame, rPois
                  | Int+2}
 10418 | Lair:1   | Reached XP level 12. HP: 66/72 MP: 13/13
 10588 | Lair:1   | Found a runed translucent gate.
 10588 | Lair:1   | Found a runed translucent gate.
 10588 | Lair:1   | Found a runed translucent gate.
 10648 | Lair:1   | Noticed a death yak
 10649 | Lair:1   | Noticed a death yak
 10651 | Lair:1   | Noticed a death yak
 10656 | Lair:1   | Killed a death yak
 10858 | D:12     | Reached skill level 13 in Maces & Flails
 10903 | D:12     | Gained mutation: Your muscles are strong. (Str +4, Int/Dex
                  | -1) [potion of mutation]
 10903 | D:12     | Gained mutation: You are dopey. (Int -2) [potion of
                  | mutation]
 10903 | D:12     | Gained mutation: You are strong-willed. (Will+) [potion of
                  | mutation]
 10931 | D:12     | Noticed a two-headed ogre
 10935 | D:12     | Killed a two-headed ogre
 11131 | D:12     | Reached **** piety under Hepliaklqana
 12132 | D:13     | Noticed a boulder beetle
 12141 | D:13     | Killed a boulder beetle
 12162 | D:13     | Noticed a vault guard
 12162 | D:13     | Noticed a vault guard
 12162 | D:13     | Noticed a vault guard
 12174 | D:13     | Noticed a vault guard
 12325 | D:14     | Learned a level 2 spell: Wereblood
 12340 | D:14     | HP: 3/73 [manticore (8)]
 12422 | D:14     | Reached skill level 14 in Maces & Flails
 12498 | D:14     | Found a gate leading to a gauntlet.
 12508 | Gauntlet | Entered a Gauntlet
 12508 | Gauntlet | Found a transporter.
 12508 | Gauntlet | Found a transporter.
 12512 | Gauntlet | Found a transporter.
 12512 | Gauntlet | Found a transporter.
 12534 | Gauntlet | Found a transporter.
 12543 | Gauntlet | Found a transporter.
 12547 | Gauntlet | Found a transporter.
 12555 | Gauntlet | Found a transporter.
 12558 | Gauntlet | Noticed a thrashing horror
 12572 | Gauntlet | Reached ***** piety under Hepliaklqana
 12573 | Gauntlet | Found a transporter.
 12580 | Gauntlet | Noticed an entropy weaver
 12595 | Gauntlet | Found a transporter.
 12599 | Gauntlet | Found a transporter.
 12607 | Gauntlet | Found a transporter.
 12683 | Gauntlet | Noticed a thrashing horror
 13204 | D:14     | Reached XP level 13. HP: 79/79 MP: 14/14
 13373 | D:15     | Entered Level 15 of the Dungeon
 13525 | D:14     | Reached skill level 15 in Maces & Flails
 13789 | D:15     | Shot with an arrow by a centaur warrior

Illustrated notes

Levels and vault maps discovered:
D:1:      sevenhm_arrival_forest_fort_small_6, layout_basic,
          hellmonk_ecumenical_altar_run_dry, glass_columns_a
D:2:      layout_basic, hangedman_abyss_or_decor_stabs
D:3:      layout_basic, minmay_fountain_box, grunt_ministairs_4,
          minmay_quantized
D:4:      nicolae_cairo_tiling_large, layout_basic, kennysheep_little_box,
          cheibrodos_sewer_entry_drain, gammafunk_ghost_split, st_stairs_14,
          uniq_grinder
D:5:      layout_rooms
D:6:      layout_basic, minmay_temple_entry_sparse_star, grunt_ministairs_12,
          corner_web_ring
D:7:      layout_gridville, chequers_temple_overflow_statue_of_worship,
          mainiacjoe_overflow_tiny_flanked, mainiacjoe_overflow_cross_hatched,
          gammafunk_ghost_smash, kennysheep_generic_room_10
D:8:      layout_basic, uniq_psyche, uniq_joseph
D:9:      layout_long_grid, lemuel_doored_altar, lemuel_tele_altar,
          nicolae_tso_swordbearing_angel,
          kennysheep_orc_monster_closet_entryway, ebering_ghost_funeral_grove,
          serial_shops, shop, uniq_grum
D:10:     layout_cave_pods, serial_bayou_crossing
D:11:     layout_rooms, erik_lair_island, gammafunk_ghost_hydra_chop,
          lightli_airlock
D:12:     layout_basic
D:13:     layout_rooms, erik_vaults_2
D:14:     layout_basic, gauntlet_entry_generic, kennysheep_crisscross
D:15:     grunt_enter_depths_hoard, layout_irregular_city, serial_shops,
          nicolae_shop_advertising_works [nicolae_subvault_shop_adworks],
          uniq_josephine
Temple:   nicolae_temple_ecumenical_triangle
Lair:1:   wad_woods_structure_01, layout_layer_cave, ebering_ghost_rock_garden

Skill      XL: |  1  2  3  4  5  6  7  8  9 10 11 12 13 |
---------------+----------------------------------------+-----
Fighting       | 4 5 6 7 9 11 12 13 | 13.6
Armour         | 4 5 6 8 10 11 | 11.8
Maces & Flails | 10 12 14 15 | 15.3
Polearms       | 2 |  2.0
Shields        | |  3.0

Action                     |  1- 3 |  4- 6 |  7- 9 | 10-12 | 13-15 || total
---------------------------+-------+-------+-------+-------+-------++-------
  Melee: Flail             |    44 |       |       |       |       ||    44
         Kick              |     8 |    36 |    85 |   157 |     6 ||   292
         Peck              |     7 |    23 |    59 |   117 |     3 ||   209
         Whip              |     9 |   143 |   296 |   298 |       ||   746
         Morningstar       |       |       |       |   172 |    14 ||   186
         Spear             |       |       |       |    24 |     6 ||    30
  Throw: Throwing net      |       |     1 |     1 |       |       ||     2
         Dart              |       |       |       |    10 |     4 ||    14
   Cast: Wereblood         |       |       |       |     1 |       ||     1
 Invoke: Recall Ancestor   |       |       |       |     5 |     3 ||     8
         Ancestor Identity |       |       |       |     1 |       ||     1
         Ancestor Life: Kn |       |       |       |     1 |       ||     1
    Use: Scroll            |       |       |     5 |     8 |     1 ||    14
         Potion            |       |       |     4 |     4 |       ||     8
   Stab: Held in net/web   |       |       |     1 |       |       ||     1
         Distracted        |       |       |       |     3 |       ||     3
 Armour: Scale mail        |    19 |    48 |   120 |   223 |     6 ||   416
  Dodge: Dodged            |    12 |    60 |   144 |   268 |    11 ||   495
  Block: Buckler           |    16 |    20 |    54 |    94 |     3 ||   187

Table legend: (Time is in decaauts)
 A = Elapsed time spent in this place.
 B = Non-inter-level travel time spent in this place.
 C = Inter-level travel time spent in this place.
 D = Time resting spent in this place.
 E = Time spent auto-exploring this place.
 F = Levels seen in this place.
 G = Mean time per level.
                   A        B        C        D        E       F      G
               +--------+--------+--------+--------+--------+-----+--------+
         Total |  12943 |  12275 |    668 |   1709 |   7124 |  19 |  681.2 |
       Dungeon |  11417 |  10758 |    659 |   1546 |   6341 |  15 |  761.1 |
        Temple |     40 |     31 |      9 |      0 |     17 |   1 |   40.0 |
          Lair |    912 |    912 |      0 |    159 |    548 |   1 |  912.0 |
         Sewer |    279 |    279 |      0 |      3 |    127 |   1 |  279.0 |
      Gauntlet |    293 |    293 |      0 |      0 |     89 |   1 |  293.0 |
               +--------+--------+--------+--------+--------+-----+--------+

Top non-repeatable levels by time:
     D:4: 1213 daAuts
     D:8: 1190 daAuts
    D:12: 1147 daAuts
    D:14: 1015 daAuts
  Lair:1: 912 daAuts
     D:9: 871 daAuts
     D:7: 862 daAuts
    D:11: 821 daAuts
     D:1: 751 daAuts
    D:10: 725 daAuts
     D:3: 714 daAuts
     D:2: 630 daAuts
     D:6: 555 daAuts
     D:5: 518 daAuts
Gauntlet: 293 daAuts
